 Dungeon Crawl Stone Soup version 0.26-a0-771-g060e6a62af (webtiles) character file.

Game seed: 638029779209565812

15999 mhtbhm the Spear-Bearer (level 12, -8/106 HPs)
             Began as a Minotaur Fighter on Nov 8, 2020.
             Killed by divine providence
             ... invoked by an orc priest
              (15 damage)
             ... on level 2 of the Orcish Mines.
             The game lasted 00:19:33 (13421 turns).

mhtbhm the Spear-Bearer (Minotaur Fighter)         Turns: 13421, Time: 00:19:33

Health: -8/106     AC: 18    Str: 32    XL:     12   Next: 6%
Magic:  11/11      EV: 10    Int:  5    God:
Gold:   275        SH: 13    Dex: 13    Spells: 11/11 levels left

rFire    + . .     SeeInvis +   a - +9 lance "Wyrmbane" {slay drac, rPois rF+ rC+ AC+3}
rCold    + + .     Faith    .   c - +0 kite shield
rNeg     . . .     Spirit   .   b - +0 plate armour "Gef Suazuci" {rC+ Dex+3}
rPois    +         Reflect  .   (helmet restricted)
rElec    .         Harm     .   B - scarf {+Inv}
rCorr    .         Rampage  .   x - +0 pair of gloves
MR       .....                  (no boots)
Stlth    ..........             (no amulet)
HPRegen  0.27/turn              J - +6 ring of strength
MPRegen  0.12/turn              H - ring of see invisible

@: mighty
A: retaliatory headbutt, horns 2
a: Evoke Invisibility


You were on level 2 of the Orcish Mines.
You visited 3 branches of the dungeon, and saw 13 of its levels.
You also visited: Sewer.

You collected 1059 gold pieces.
You spent 784 gold pieces at shops.

Inventory:

Hand Weapons
 a - the +9 lance "Wyrmbane" (weapon) {slay drac, rPois rF+ rC+ AC+3}
   (You took it off Maggie on level 6 of the Dungeon)

   It affects your AC (+3).
   It protects you from fire.
   It protects you from cold.
   It protects you from poison.
Missiles
 F - a throwing net (quivered)
Armour
 b - the +0 plate armour "Gef Suazuci" (worn) {rC+ Dex+3}
   (You bought it in a shop on level 1 of the Orcish Mines)

   It affects your dexterity (+3).
   It protects you from cold.
 c - a +0 kite shield (worn)
 x - a +0 pair of gloves (worn)
 B - a scarf of invisibility (worn)
Jewellery
 k - an uncursed ring of protection from cold
 H - a ring of see invisible (right hand)
 J - a +6 ring of strength (left hand)
Wands
 d - a wand of flame (17)
 r - a wand of enslavement (4)
 w - a wand of paralysis (17)
 D - a wand of random effects (25)
 K - a wand of iceblast (6)
Scrolls
 f - 4 scrolls of teleportation
 m - a scroll of amnesia
 q - 4 scrolls of remove curse
 s - 2 scrolls of enchant weapon
 v - 6 scrolls of blinking
 A - a scroll of holy word {unknown}
 C - 2 scrolls of fog {unknown}
 E - 2 scrolls of magic mapping
 G - a scroll of fear {unknown}
Potions
 e - a potion of haste
 g - 5 potions of curing
 i - 2 potions of resistance
 j - a potion of berserk rage {unknown}
 l - 3 potions of lignification
 o - 5 potions of flight
 p - 4 potions of heal wounds
 t - 3 potions of degeneration {unknown}
 u - 2 potions of attraction {unknown}


   Skills:
 + Level 9.9 Fighting
   Level 9.0 Maces & Flails
 * Level 13.8 Polearms
 + Level 8.7 Armour
 + Level 5.8 Dodging
 - Level 0.9 Stealth
 + Level 9.8 Shields
 + Level 2.0 Evocations


You had 11 spell levels left.
You didn't know any spells.
Your spell library contained the following spells:

 Spells                   Type           Power        Failure   Level
 Ensorcelled Hibernation  Hex/Ice        #.....       100%        2
 Borgnjor's Vile Clutch   Necr/Erth      #.........   100%        5
 Irradiate                Conj/Tmut      #.........   100%        5
 Silence                  Hex/Air        #.........   100%        5
 Hydra Form               Tmut           #.........   100%        6
 Shadow Creatures         Summ           N/A          100%        6
 Statue Form              Tmut/Erth      #........    100%        6
 Dragon Form              Tmut           #.........   100%        7


Dungeon Overview and Level Annotations

Branches:
Dungeon (9/15)             Temple (0/1) D:4            Lair (2/6) D:8
    Orc (2/2) D:9           Sewer (visited)
  Swamp: Lair:2-4    Shoals: Lair:2-4     Snake: Lair:2-4    Spider: Lair:2-4
    Elf: Orc:2

Altars:
Wu Jian

Shops:
Orc:1 }*

Annotations:
Lair:2 exclusion: oklob plant


Innate Abilities, Weirdness & Mutations

You reflexively headbutt those who attack you in melee.
You have a pair of horns on your head.


Message History

An orc, an orc warrior and an orc wizard come into view.
The orc wizard shouts!
The orc warrior shouts!
The orc shouts!
The orc wizard gestures wildly while chanting.
The orc wizard blinks!
You block the orc priest's attack.
The orc priest invokes the aid of Beogh against you.
Beogh smites you!
* * * LOW HITPOINT WARNING * * *
Found 32 gold pieces.
The orc wizard barely misses you.
An orc sorcerer comes into view. It is wielding a +0 dagger.
The orc priest casts a cantrip, but nothing happens.
The orc priest invokes the aid of Beogh against you.
Beogh smites you!
* * * LOW HITPOINT WARNING * * *
Unknown command.
The orc wizard casts a spell.
The orc wizard seems to speed up.
The orc priest mumbles some strange prayers to Beogh against you.
Beogh smites you!
You die...

....... ##.....
#......##.#.....
##..............
#.#...........#
...$.........#..
..#..$......###
##.....o.....#
#....o.o...###
##....@.oo...#
#..........##
##......oo..#
..$.....o....
..o....##.o....
.$..... .#.ยง..
......# #.....
...... .....


You could see an orc sorcerer, 2 orc warriors, 3 orc priests, an orc wizard
(fast) and 3 orcs.

Vanquished Creatures
  A hydra (Lair:2)
  Harold (Lair:1)
  An orc high priest (Orc:2)
  2 orc knights (Orc:1)
  An orc sorcerer (Orc:1)
  2 black mambas (Lair:1)
  4 cane toads
  Maggie (D:6)
  4 komodo dragons
  A polar bear (Lair:1)
  3 trolls
  A spriggan (D:9)
  9 yaks (Lair:1)
  A basilisk (Lair:2)
  3 wargs
  Duvessa (D:5)
  2 water moccasins (Lair:1)
  7 orc warriors
  2 black bears
  3 ice beasts (D:8)
  A sky beast (D:8)
  A phantom (D:8)
  11 ogres
  6 wolves (Lair:2)
  4 centaurs
  5 big kobolds
  3 gnoll sergeants (D:9)
  5 bullfrogs
  Dowan (D:5)
  4 scorpions
  8 killer bees
  12 wights
  2 howler monkeys (D:8)
  2 electric eels (D:8)
  3 bullfrog zombies
  A quasit (D:9)
  3 hounds
  2 jellies
  3 centaur skeletons
  9 orc priests
  11 orc wizards
  A bullfrog skeleton (D:4)
  4 worker ants
  An iguana (D:4)
  A hound skeleton (D:6)
  A worker ant zombie (D:6)
  14 adders
  5 gnolls
  4 river rats
  A shadow imp (D:6)
  3 white imps
  An ooze (D:4)
  An adder zombie (D:5)
  2 adder skeletons
  8 worms
  3 dart slugs (D:1)
  6 leopard geckos
  50 orcs
  A ball python (D:1)
  3 giant cockroaches
  8 goblins
  5 hobgoblins
  8 jackals
  18 kobolds
  2 quokkas
  5 bats
  3 frilled lizards
  2 jackal skeletons
  A quokka skeleton (D:6)
  A quokka zombie (D:7)
  8 rats
318 creatures vanquished.

Vanquished Creatures (others)
  60 plants
60 creatures vanquished.

Grand Total: 378 creatures vanquished

Notes
Turn   | Place    | Note
-------+----------+-------------------------------------------
     0 | D:1      | mhtbhm the Minotaur Fighter began the quest for the Orb.
     0 | D:1      | Reached XP level 1. HP: 19/19 MP: 0/0
   197 | D:1      | Reached XP level 2. HP: 27/27 MP: 1/1
   714 | D:1      | Reached XP level 3. HP: 30/33 MP: 2/2
  1010 | D:2      | Reached XP level 4. HP: 38/41 MP: 3/3
  1867 | D:3      | Found a glowing drain.
  1873 | Sewer    | Entered a sewer
  1882 | Sewer    | Reached XP level 5. HP: 28/47 MP: 4/4
  2277 | Sewer    | Reached skill level 1 in Dodging
  2438 | Sewer    | Found a white marble altar of Elyvilon.
  3258 | D:3      | Reached skill level 5 in Armour
  3258 | D:3      | Reached XP level 6. HP: 52/53 MP: 5/5
  3680 | D:4      | Reached skill level 5 in Maces & Flails
  3777 | D:4      | Found a staircase to the Ecumenical Temple.
  4118 | D:4      | Reached skill level 5 in Shields
  4291 | D:4      | Reached skill level 5 in Fighting
  4293 | D:4      | Reached XP level 7. HP: 61/61 MP: 6/6
  4563 | D:5      | Entered Level 5 of the Dungeon
  5074 | D:5      | Noticed Duvessa
  5074 | D:5      | Noticed Dowan
  5083 | D:5      | Killed Duvessa
  5088 | D:5      | Killed Dowan
  5088 | D:5      | Reached XP level 8. HP: 8/70 MP: 7/7
  6285 | D:6      | Noticed Maggie
  6285 | D:6      | Paralysed by Maggie for 2 turns
  6304 | D:6      | Killed Maggie
  6745 | D:6      | Reached skill level 1 in Polearms
  7095 | D:7      | Reached skill level 2 in Polearms
  7100 | D:7      | Reached XP level 9. HP: 65/78 MP: 8/8
  7237 | D:7      | Reached skill level 3 in Polearms
  7441 | D:7      | Reached skill level 4 in Polearms
  7613 | D:7      | Found an ornate altar of the Wu Jian Council.
  7650 | D:7      | Reached skill level 5 in Polearms
  8147 | D:8      | Reached skill level 6 in Polearms
  8222 | D:8      | Reached skill level 7 in Polearms
  8358 | D:8      | Reached skill level 8 in Polearms
  8554 | D:8      | Reached XP level 10. HP: 74/86 MP: 9/9
  8859 | D:8      | Found a staircase to the Lair.
  8993 | D:8      | Reached skill level 9 in Polearms
  9202 | Lair:1   | Entered Level 1 of the Lair of Beasts
  9247 | Lair:1   | Noticed a black mamba
  9251 | Lair:1   | Killed a black mamba
  9261 | Lair:1   | Noticed Harold
  9301 | Lair:1   | Killed Harold
  9301 | Lair:1   | Reached skill level 10 in Polearms
  9326 | Lair:1   | Reached skill level 11 in Polearms
  9622 | Lair:1   | Noticed a cane toad
  9629 | Lair:1   | Killed a cane toad
  9717 | Lair:1   | Noticed a black mamba
  9721 | Lair:1   | Noticed a cane toad
  9723 | Lair:1   | Killed a black mamba
  9723 | Lair:1   | Reached skill level 1 in Evocations
  9723 | Lair:1   | Reached XP level 11. HP: 88/95 MP: 10/10
  9821 | Lair:1   | Reached skill level 12 in Polearms
 10412 | Lair:2   | Noticed an eight-headed hydra
 10417 | Lair:2   | Reached skill level 5 in Dodging
 10425 | Lair:2   | Killed an eight-headed hydra
 10735 | Lair:2   | Reached skill level 13 in Polearms
 10781 | Lair:2   | Noticed an oklob plant
 11464 | D:9      | Found a staircase to the Orcish Mines.
 11683 | Orc:1    | Entered Level 1 of the Orcish Mines
 11684 | Orc:1    | Found Caghais's Assorted Antiques.
 11719 | Orc:1    | Noticed an orc sorcerer
 11732 | Orc:1    | Killed an orc sorcerer
 11902 | Orc:1    | Noticed an orc knight
 11922 | Orc:1    | Killed an orc knight
 12100 | Orc:1    | Found Cooh's Gadget Shop.
 12305 | Orc:1    | Bought an ichor-stained plate armour for 784 gold pieces
 12310 | Orc:1    | Identified the +0 plate armour "Gef Suazuci" {rC+ Dex+3}
                  | (You bought it in a shop on level 1 of the Orcish Mines)
 12374 | Orc:2    | Entered Level 2 of the Orcish Mines
 12382 | Orc:2    | Noticed an orc knight
 12677 | Orc:1    | Killed an orc knight
 13143 | Orc:2    | Noticed an orc sorcerer
 13144 | Orc:2    | Noticed an orc sorcerer
 13146 | Orc:2    | Paralysed by an orc sorcerer for 2 turns
 13384 | Orc:2    | Noticed an orc high priest
 13404 | Orc:2    | Reached XP level 12. HP: 55/106 MP: 11/11
 13416 | Orc:2    | Killed an orc high priest
 13421 | Orc:2    | Killed from afar by an orc priest

Illustrated notes

Levels and vault maps discovered:
D:1:      matt_arrival_grand_opening, layout_basic, minmay_misc_feat_nine_boxes
D:2:      layout_loops_ring
D:3:      layout_loops_ring, lightli_sewer_entry_pipes
D:4:      layout_basic, minmay_temple_entry_grid
D:5:      layout_basic, uniq_duvessa
D:6:      layout_loops_ring, uniq_maggie
D:7:      layout_gridville, nicolae_overflow_hidden_temple
D:8:      layout_basic, lair_entry_dummy, serial_bayou_lagoon_a,
          grunt_ministairs_4
D:9:      layout_rooms, kennysheep_orc_monster_closet_entryway, the_bakery
Lair:1:   layout_loops_ring, minmay_stone_trees_small, minivault_11,
          minivault_27, chequers_serial_rivers_room_b, lemuel_fruit_tree,
          serial_bayou_shore_b, uniq_harold
Lair:2:   layout_cave_shapes, gammafunk_ghost_necromancy,
          minmay_lair_oklob_items, lemuel_fruit_fields
Orc:1:    layout_diamond_mine, serial_shops, nicolae_shop_overgrown_old_shop,
          nicolae_shop_crystal, nicolae_shop_competitors_out_of_business
Orc:2:    grunt_orc_cross, layout_diamond_mine

Skill      XL: |  1  2  3  4  5  6  7  8  9 10 11 |
---------------+----------------------------------+-----
Fighting       | 4 5 6 7 8 9 |  9.9
Armour         | 4 5 6 7 8 |  8.7
Maces & Flails | 3 4 5 7 9 |  9.0
Shields        | 4 5 6 7 8 9 |  9.8
Dodging        | 1 2 3 4 5 |  5.8
Polearms       | 2 8 11 13 | 13.8
Evocations     | 1 2 |  2.0
Stealth        | |  0.9

Action                   |  1- 3 |  4- 6 |  7- 9 | 10-12 || total
-------------------------+-------+-------+-------+-------++-------
Melee: Flail             |    98 |   224 |   119 |       ||   441
       Headbutt          |    17 |    25 |    48 |    85 ||   175
       Lance             |       |       |   200 |   464 ||   664
 Abil: Evoke Invisibilit |       |       |     1 |     1 ||     2
Evoke: Wand              |       |       |       |     5 ||     5
  Use: Scroll            |       |     9 |     4 |     6 ||    19
       Potion            |       |       |     3 |     4 ||     7
 Stab: Invisible         |       |       |     2 |     6 ||     8
Armor: Scale mail        |    43 |     4 |       |       ||    47
       Ring mail         |       |    66 |    82 |    73 ||   221
       Plate armour      |       |       |       |    23 ||    23
Dodge: Dodged            |    45 |    76 |    89 |   110 ||   320
Block: Kite shield       |    62 |   105 |   135 |   207 ||   509

Table legend: (Time is in decaauts)
 A = Elapsed time spent in this place.
 B = Non-inter-level travel time spent in this place.
 C = Inter-level travel time spent in this place.
 D = Time resting spent in this place.
 E = Time spent auto-exploring this place.
 F = Levels seen in this place.
 G = Mean time per level.
                   A        B        C        D        E       F      G
               +--------+--------+--------+--------+--------+-----+--------+
         Total |  13411 |  13411 |      0 |   3836 |   6291 |  14 |  957.9 |
       Dungeon |   9414 |   9414 |      0 |   1954 |   5053 |   9 | 1046.0 |
          Lair |   1654 |   1654 |      0 |    426 |    849 |   2 |  827.0 |
  Orcish Mines |   1689 |   1689 |      0 |   1001 |    273 |   2 |  844.5 |
         Sewer |    652 |    652 |      0 |    455 |    115 |   1 |  652.0 |
               +--------+--------+--------+--------+--------+-----+--------+

Top non-repeatable levels by time:
     D:3: 1544 daAuts
   Orc:1: 1508 daAuts
  Lair:1: 1293 daAuts
     D:7: 1262 daAuts
     D:6: 1241 daAuts
     D:8: 1188 daAuts
     D:5: 1152 daAuts
     D:4: 952 daAuts
     D:1: 802 daAuts
     D:2: 773 daAuts
   Sewer: 652 daAuts
     D:9: 496 daAuts
  Lair:2: 360 daAuts
   Orc:2: 180 daAuts
